 Dungeon Crawl Stone Soup version 0.15.2 (webtiles) character file.

9065 magipi the Cleaver (level 11, -6/68 HPs)
             Began as a Gargoyle Berserker on July 11, 2016.
             Was the Champion of Trog.
             Mangled by a hill giant
             ... wielding a +0 giant club
              (11 damage)
             ... on Level 12 of the Dungeon.
             The game lasted 00:47:21 (8294 turns).

magipi the Cleaver (Gargoyle Berserker)             Turns: 8294, Time: 00:47:21

HP  -6/68        AC 25     Str 20      XL: 11   Next: 40%
MP  20/20        EV  7     Int  9      God: Trog [******]
Gold 505         SH  0     Dex 15      Spells:  0 memorised, 10 levels left

rFire  + . .     SeeInvis .     a - +6 war axe of Plaps {freeze, rC+}
rCold  + . .     Clarity  .     V - +3 chain mail of Immorality {rElec MR++}
rNeg   + . .     rCorr    .     (no shield)
rPois  +         rRot     +     u - +0 helmet
rElec  +         Spirit   .     M - +0 cloak
SustAb .         Warding  .     w - +0 pair of gloves
rMut   .         Stasis   .     (no boots)
Gourm  .                        j - amulet of faith
MR     ++...                    f - ring of protection from fire
                                T - +3 ring of dexterity

@: hasted, very quick, very resistant to hostile enchantments, extremely
unstealthy
A: negative energy resistance 1, electricity resistance, unbreathing,
petrification resistance, rot immunity, AC +7
a: Burn Spellbooks, Berserk, Trog's Hand, Brothers in Arms, Renounce Religion


You were on level 12 of the Dungeon.
You worshipped Trog.
Trog was exalted by your worship.
You were not hungry.

You visited 2 branches of the dungeon, and saw 13 of its levels.

You collected 961 gold pieces.
You spent 456 gold pieces at shops.

Inventory:

Hand weapons
 a - the +6 war axe of Plaps (weapon) {freeze, rC+}
   (You found it on level 7 of the Dungeon)

   It has been specially enchanted to freeze those struck by it, causing extra
   injury to most foes and up to double damage against particularly susceptible
   opponents.
   It can also slow down cold-blooded creatures.
   It protects you from cold.
 b - a +1 blowgun
 g - a +3 antimagic executioner's axe
Missiles
 h - 6 tomahawks of dispersal
 r - 3 tomahawks of returning (quivered)
 t - 43 poisoned needles
 x - 5 curare-tipped needles
Armour
 u - a +0 helmet (worn)
 w - a +0 pair of gloves (worn)
 M - a +0 cloak (worn)
 V - the +3 chain mail of Immorality (worn) {rElec MR++}
   (You found it on level 11 of the Dungeon)

   It insulates you from electricity.
   It affects your resistance to hostile enchantments.
Magical devices
 I - a wand of lightning (4)
 L - a wand of flame (4)
 N - a wand of draining (0)
 O - a wand of magic darts (9)
Comestibles
 c - 6 bread rations
 A - 4 meat rations
 D - 3 chunks of sheep flesh
Scrolls
 d - 2 scrolls of enchant armour {unknown}
 e - 2 scrolls of recharging {unknown}
 i - 4 scrolls of remove curse
 l - 2 scrolls of brand weapon {unknown}
 m - a scroll of fog {unknown}
 o - 2 scrolls of teleportation
 p - a scroll of enchant weapon
 q - 2 scrolls of immolation
 y - a scroll of summoning {unknown}
 C - 2 scrolls of fear {unknown}
 E - a scroll of blinking {unknown}
 P - 4 scrolls of identify
 Q - 2 scrolls of magic mapping
 R - a scroll of silence
 S - a scroll of noise
Jewellery
 f - a ring of protection from fire (right hand)
 j - an amulet of faith (around neck)
 v - an uncursed ring of protection from magic
 F - an uncursed ring of flight
 T - a +3 ring of dexterity (left hand)
Potions
 k - 2 potions of magic
 n - 4 potions of heal wounds
 s - a potion of restore abilities
 z - 3 potions of curing
 G - a potion of invisibility
 J - a potion of cure mutation
 K - a potion of resistance


   Skills:
 + Level 8.2 Fighting
 - Level 12.4 Axes
 + Level 7.7 Armour
 - Level 1.5 Dodging
 + Level 5.6 Evocations


You had 10 spell levels left.
You didn't know any spells.

Dungeon Overview and Level Annotations

Branches:
Dungeon (12/15)            Temple (1/1) D:5             Orc (0/4) D:10
   Lair (0/8) D:10

Altars:
Ashenzari
Cheibriados
Dithmenos
Elyvilon
Fedhas
Kikubaaqudgha
Makhleb
Nemelex Xobeh
Okawaru
Qazlal
Sif Muna
Trog
Vehumet
Xom
Yredelemnul
Zin
The Shining One

Shops:
D:9 ?


Innate Abilities, Weirdness & Mutations

You are resistant to torment.
You are immune to poison.
Your stone body is very resilient (AC +7).
You resist negative energy.
You are resistant to electric shocks.
You can survive without breathing.
You are immune to petrification.
You are immune to rotting.

Vault maps used:
D:1:      scummos_arrival_star
D:3:      first_bread
D:5:      minmay_temple_entry_grid, uniq_blork_the_orc
D:7:      the_bakery, dk_yredelemnul_ordeal, uniq_joseph, uniq_duvessa
D:9:      serial_shops, shop
D:10:     minmay_orc_entry_guard_dogs, erik_lair_boring
D:11:     okawaru_ov_weapons_minmay
D:12:     hangedman_cross_veins, enter_trove_6, uniq_fannar, uniq_harold
Temple:   kilobyte_greek_temple_18


Message History

The adder bites you but does no damage.
You are feeling hungry.
You slash the sheep! You freeze the sheep.
You kill the sheep!
Trog accepts your kill.
You closely miss the adder.
The adder is severely wounded.
You hit the sheep. You freeze the sheep.
The sheep is heavily wounded.
The sheep bites you.
You slash the sheep! You freeze the sheep.
You kill the sheep!
Trog accepts your kill.
You slash the adder!
The adder seems to slow down.
You freeze the adder.
You kill the adder!
Trog accepts your kill.
Unknown command.
You see here a sheep corpse.
You start butchering the sheep corpse.
You continue butchering the corpse.
You continue butchering the corpse. x2
You finish butchering the sheep corpse.
D - 4 chunks of sheep flesh Eat one of 4 chunks of sheep flesh? (ye/n/q/i?) This raw flesh tastes terrible.
You continue eating. x2
You see here a sheep corpse.
You offer a prayer to Trog.
The sheep corpse is slowly consumed by flames.
Trog is exalted by your worship.
There is a stone staircase leading down here.
You see here a giant frog corpse.
You offer a prayer to Trog.
The giant frog corpse is slowly consumed by flames.
Trog is exalted by your worship.
There is a stone staircase leading down here.
You climb downwards.
Found 14 gold pieces.
There is a stone staircase leading up here.
Unknown command.
You now have 505 gold pieces (gained 14).
A hound comes into view.
The hound barks!
The hound pauses to sniff the ground.
There is a stone staircase leading up here.
The hound bites you but does no damage.
You slash the hound! You freeze the hound.
The hound is severely wounded.
The hound bites you but does no damage.
You slash the hound! You freeze the hound.
You kill the hound!
Trog accepts your kill.
You climb upwards.
There is a stone staircase leading down here.
There is a stone staircase leading down here.
You climb downwards.
There is a stone staircase leading up here.
You open the door.
An adder and an ice beast come into view.
Found 23 bolts and 17 gold pieces.
There is an open door here.
The adder bites you but does no damage.
You slash the adder!
The adder seems to slow down.
You freeze the adder.
You kill the adder!
Trog accepts your kill.
You slash the ice beast!
The ice beast is moderately wounded.
The ice beast hits you but does no damage.
You slash the ice beast!
The ice beast is severely wounded.
The ice beast hits you but does no damage.
You slice the ice beast!!
You kill the ice beast!
Trog accepts your kill.
A hill giant comes into view. It is wielding a giant club.
The hill giant shouts!
Found 16 gold pieces.
A four-headed hydra skeleton comes into view.
You see here an adder corpse.
There is an open door here.
The hill giant hits you with a giant club!
You hit the hill giant. You freeze the hill giant.
The hill giant is lightly wounded.
The hill giant hits you with a giant club!
You barely miss the hill giant.
The hill giant is lightly wounded.
You slash the hill giant! You freeze the hill giant.
The hill giant is moderately wounded.
The hill giant hits you but does no damage.
You slice the hill giant!! You freeze the hill giant.
The hill giant is severely wounded.
The hill giant hits you with a giant club!!
* * * LOW HITPOINT WARNING * * *
Read which item? (? for menu, Esc to quit)
Okay, then.
Unknown command.
Unknown command.
Drink which item? (? for menu, Esc to quit)
You feel yourself speed up.
The hill giant hits you with a giant club!
You die...

#...# ###...#
###.....#
........#
.........########
#......<.........
#................
##...............
#......@........
#...###C########
#..# ##Z## #.#
#...# ##.## #%#
#Z...........
#$##.##.##.# #
#.# #


You could see a hill giant and a four-headed hydra skeleton.

Table legend:
 A = Kills in this place as a percentage of kills in entire the game.
 B = Kills by you in this place as a percentage of kills by you in the entire game.
 C = Kills by friends in this place as a percentage of kills by friends in the entire game.
 D = Other kills in this place as a percentage of other kills in the entire game.
 E = Experience gained in this place as a percentage of experience gained in the entire game.
 F = Experience gained in this place divided by the number of levels of this place that you have seen.
                   A       B       C       D       E      F
               +-------+-------+-------+-------+-------+----------------------
         Total | 100.0 | 100.0 | 100.0 |  -nan | 100.0 | 996.2
       Dungeon | 100.0 | 100.0 | 100.0 |  -nan | 100.0 | 1079.2
               +-------+-------+-------+-------+-------+----------------------

Vanquished Creatures
  2 hill giants
  A cyclops (D:11)
  Joseph (D:7)
  A gargoyle (D:10)
  A hydra skeleton (D:11)
  A human (D:7)
  A spriggan (D:7)
  4 hippogriffs
  A hungry ghost (D:10)
  A wyvern (D:10)
  A hill giant skeleton (D:11)
  4 wargs (D:10)
  3 ice beasts
  A water moccasin (D:9)
  2 orc warriors
  A soldier ant (D:10)
  2 crocodiles
  2 boring beetles (D:10)
  2 ogres
  Duvessa (D:7)
  3 centaurs
  A big kobold (D:10)
  A necrophage (D:9)
  Blork the orc (D:5)
  5 giant frogs
  A gnoll sergeant (D:9)
  3 scorpions
  2 eyes of draining
  14 killer bees
  4 goliath beetles
  Dowan (D:7)
  2 centaur zombies
  A giant frog zombie (D:8)
  A quasit (D:9)
  3 crimson imps
  10 orc priests
  7 hounds
  A jelly (D:9)
  4 orc wizards
  10 iguanas
  5 worker ants
  2 sheep (D:11)
  2 big kobold zombies
  A big kobold skeleton (D:9)
  7 gnolls
  9 adders
  A giant mite (D:2)
  4 worms
  An adder zombie (D:7)
  An adder skeleton (D:5)
  An iguana skeleton (D:9)
  3 giant geckos
  36 orcs
  A bat skeleton (D:3)
  A bat zombie (D:6)
  4 giant cockroaches
  8 goblins
  9 hobgoblins
  16 jackals
  20 kobolds
  An ooze (D:4)
  5 quokkas
  12 bats
  4 giant newts
  A hobgoblin zombie (D:7)
  2 orc skeletons
  13 rats
  A rat zombie (D:7)
279 creatures vanquished.

Vanquished Creatures (collateral kills)
  A centaur warrior (D:11)
  3 centaurs (D:11)
4 creatures vanquished.

Grand Total: 283 creatures vanquished

Notes
Turn   | Place    | Note
--------------------------------------------------------------
     0 | D:1      | magipi, the Gargoyle Berserker, began the quest for the Orb.
     0 | D:1      | Reached XP level 1. HP: 14/14 MP: 1/1
   309 | D:1      | Reached XP level 2. HP: 10/19 MP: 2/2
   725 | D:2      | Reached XP level 3. HP: 21/23 MP: 3/3
   798 | D:2      | Reached skill level 4 in Axes
  1080 | D:2      | Acquired Trog's second power
  1080 | D:2      | Reached XP level 4. HP: 24/28 MP: 4/4
  1411 | D:3      | Reached skill level 5 in Axes
  1441 | D:3      | Reached XP level 5. HP: 11/32 MP: 5/5
  2039 | D:4      | Reached skill level 6 in Axes
  2039 | D:4      | Reached XP level 6. HP: 25/37 MP: 6/6
  2462 | D:4      | Acquired Trog's third power
  2617 | D:4      | Noticed an ogre
  2630 | D:4      | Killed an ogre
  2630 | D:4      | Reached skill level 7 in Axes
  2630 | D:4      | Reached XP level 7. HP: 15/41 MP: 7/7
  2940 | D:5      | Entered Level 5 of the Dungeon
  3106 | D:5      | Found a staircase to the Ecumenical Temple.
  3117 | Temple   | Entered the Ecumenical Temple
  3831 | D:5      | Noticed Blork the orc
  3849 | D:5      | Killed Blork the orc
  3849 | D:5      | Reached skill level 8 in Axes
  4147 | D:6      | Reached XP level 8. HP: 46/46 MP: 8/8
  4472 | D:6      | Reached skill level 9 in Axes
  4578 | D:7      | Received a gift from Trog
  4678 | D:7      | Found a basalt altar of Yredelemnul.
  4690 | D:7      | Got a brightly glowing war axe
  4691 | D:7      | Identified the +6 war axe of Plaps {freeze, rC+} (You found it on level 7 of the Dungeon)
  4714 | D:7      | Reached skill level 10 in Axes
  4757 | D:7      | Noticed Joseph
  4772 | D:7      | Killed Joseph
  4772 | D:7      | Reached XP level 9. HP: 34/51 MP: 9/9
  4841 | D:7      | Reached skill level 11 in Axes
  4946 | D:7      | Noticed Duvessa
  4949 | D:7      | Noticed Dowan
  4956 | D:7      | Killed Duvessa
  4960 | D:7      | Killed Dowan
  5477 | D:8      | Reached skill level 12 in Axes
  5491 | D:8      | Received a gift from Trog
  5918 | D:9      | Reached XP level 10. HP: 54/56 MP: 10/10
  6225 | D:9      | Reached skill level 5 in Fighting
  6307 | D:9      | Received a gift from Trog
  6396 | D:9      | Found Urghal's Magic Scroll Boutique.
  6404 | D:9      | Bought a scroll of identify for 30 gold pieces
  6404 | D:9      | Bought a scroll of identify for 30 gold pieces
  6404 | D:9      | Bought a scroll of magic mapping for 52 gold pieces
  6404 | D:9      | Bought 3 scrolls of identify for 90 gold pieces
  6404 | D:9      | Bought a scroll of silence for 112 gold pieces
  6404 | D:9      | Bought a scroll of identify for 30 gold pieces
  6404 | D:9      | Bought a scroll of teleportation for 45 gold pieces
  6405 | D:9      | Bought a scroll of noise for 15 gold pieces
  6405 | D:9      | Bought a scroll of immolation for 52 gold pieces
  6607 | D:9      | Reached skill level 1 in Evocations
  6608 | D:9      | Reached skill level 5 in Armour
  6859 | D:9      | Noticed a hill giant
  6869 | D:9      | Killed a hill giant
  6886 | D:10     | Entered Level 10 of the Dungeon
  7045 | D:10     | Found a staircase to the Lair.
  7301 | D:10     | Found a staircase to the Orcish Mines.
  7356 | D:10     | Reached XP level 11. HP: 51/67 MP: 16/18
  7400 | D:10     | Received a gift from Trog
  7615 | D:11     | Found an iron altar of Okawaru.
  7663 | D:11     | Got a heavily runed chain mail
  7664 | D:11     | Identified the +3 chain mail of Immorality {rElec MR++} (You found it on level 11 of the Dungeon)
  7850 | D:11     | Noticed a centaur warrior
  7855 | D:11     | Killed a centaur warrior
  7855 | D:11     | Reached skill level 5 in Evocations
  8073 | D:11     | Noticed a hill giant
  8093 | D:11     | Killed a hill giant
  8282 | D:12     | Noticed a hill giant
  8294 | D:12     | Mangled by a hill giant

Action                   |  1- 3 |  4- 6 |  7- 9 | 10-12 || total
-------------------------+-------+-------+-------+-------++-------
Melee: Hand axe          |   102 |   294 |    93 |       ||   489
       Battleaxe         |       |       |    90 |       ||    90
       War axe           |       |       |   147 |   273 ||   420
 Fire: Blowgun           |       |       |    25 |    21 ||    46
Throw: Tomahawk          |       |     4 |       |     2 ||     6
Invok: Berserk           |       |     6 |     7 |     6 ||    19
       Trog's Hand       |       |     1 |       |       ||     1
       Brothers in Arms  |       |       |       |     1 ||     1
Evoke: Wand              |       |       |       |     4 ||     4
  Use: Scroll            |       |       |    16 |     5 ||    21
       Potion            |       |       |       |     1 ||     1
  Eat: Chunk             |       |     7 |     7 |     2 ||    16
       Bread ration      |       |     1 |     3 |     1 ||     5
       Fruit             |       |       |     1 |     2 ||     3
       Meat ration       |       |       |       |     1 ||     1
       Pizza             |       |       |       |     1 ||     1

Action                   |  1- 3 |  4- 6 |  7- 9 | 10-12 || total
-------------------------+-------+-------+-------+-------++-------
Melee: Hand axe          |   102 |   294 |    93 |       ||   489
       Battleaxe         |       |       |    90 |       ||    90
       War axe           |       |       |   147 |   273 ||   420
 Fire: Blowgun           |       |       |    25 |    21 ||    46
Throw: Tomahawk          |       |     4 |       |     2 ||     6
Invok: Berserk           |       |     6 |     7 |     6 ||    19
       Trog's Hand       |       |     1 |       |       ||     1
       Brothers in Arms  |       |       |       |     1 ||     1
Evoke: Wand              |       |       |       |     4 ||     4
  Use: Scroll            |       |       |    16 |     5 ||    21
       Potion            |       |       |       |     1 ||     1
  Eat: Chunk             |       |     7 |     7 |     2 ||    16
       Bread ration      |       |     1 |     3 |     1 ||     5
       Fruit             |       |       |     1 |     2 ||     3
       Meat ration       |       |       |       |     1 ||     1
       Pizza             |       |       |       |     1 ||     1
